 Dungeon Crawl Stone Soup version 0.23.0 (webtiles) character file.

Game seed: 6697402614373828154

289 tidbits the Charmwright (level 6, 18/50 HPs)
             Began as a Gnoll Skald on Feb 14, 2019.
             Quit the game on level 4 of the Dungeon.
             The game lasted 00:08:51 (1151 turns).

tidbits the Charmwright (Gnoll Skald)               Turns: 1151, Time: 00:08:52

Health: 18/50      AC:  3    Str: 13    XL:     6   Next: 31%
Magic:  11/14      EV: 14    Int: 17    God:
Gold:   78         SH:  0    Dex: 15    Spells: 4/15 levels left

rFire    . . .     SeeInvis .   a - +0 spear
rCold    . . .     Gourm    .   (no shield)
rNeg     . . .     Faith    .   B - +0 leather armour
rPois    .         Spirit   .   (no helmet)
rElec    .         Reflect  .   (no cloak)
rCorr    .         Harm     .   (no gloves)
MR       .....                  (no boots)
Stlth    ++........             (no amulet)
HPRegen  0.16/turn              (no ring)
MPRegen  0.14/turn              (no ring)

@: no status effects
A: distributed training, fangs 1, strong nose
a: no special abilities


You were on level 4 of the Dungeon.
You were full.

You visited 2 branches of the dungeon, and saw 6 of its levels.

You collected 78 gold pieces.

Inventory:

Hand Weapons
 a - a +0 spear (weapon)
 d - a +0 dagger
 m - a +0 war axe
Missiles
 b - 41 stones (quivered)
Armour
 q - a +0 ring mail
 B - a +0 leather armour (worn)
Wands
 r - a wand of polymorph (7)
Scrolls
 f - 2 scrolls of teleportation {unknown}
 g - 2 scrolls of enchant weapon {unknown}
 h - a scroll of fear {unknown}
 j - 3 scrolls of identify {unknown}
 l - 2 scrolls of remove curse {unknown}
 n - 3 scrolls of enchant armour {unknown}
 p - a scroll of blinking {unknown}
Potions
 c - 2 potions of magic {unknown}
 i - 3 potions of cancellation {unknown}
 k - 2 potions of ambrosia {unknown}
 o - 2 potions of curing {unknown}
Comestibles
 e - 4 rations


   Skills:
 + Level 4.9 Fighting
 + Level 1.8 Short Blades
 + Level 1.8 Long Blades
 + Level 1.8 Axes
 + Level 1.8 Maces & Flails
 + Level 4.9 Polearms
 + Level 1.8 Staves
 + Level 1.8 Slings
 + Level 1.8 Bows
 + Level 1.8 Crossbows
 + Level 1.8 Throwing
 + Level 3.2 Armour
 + Level 4.9 Dodging
 + Level 1.8 Stealth
 + Level 1.8 Shields
 + Level 1.8 Unarmed Combat
 + Level 5.3 Spellcasting
 + Level 1.4 Conjurations
 + Level 1.4 Hexes
 + Level 5.6 Charms
 + Level 1.4 Summonings
 + Level 1.4 Necromancy
 + Level 1.4 Translocations
 + Level 1.4 Transmutations
 + Level 1.4 Fire Magic
 + Level 1.4 Ice Magic
 + Level 1.4 Air Magic
 + Level 1.4 Earth Magic
 + Level 1.4 Poison Magic
 + Level 2.0 Invocations
 + Level 1.8 Evocations


You had 4 spell levels left.
You knew the following spells:

 Your Spells              Type           Power        Failure   Level  Hunger
g - Shroud of Golubria    Chrm/Tloc      ###.......   6%          2    #......
i - Infusion              Chrm           ###.         1%          1    None
r - Regeneration          Chrm/Necr      ###.......   12%         3    ##.....
w - Spectral Weapon       Hex/Chrm       ###.....     12%         3    ##.....
y - Song of Slaying       Chrm           ###.....     2%          2    #......

Your spell library contained the following spells:

 Spells                   Type           Power        Failure   Level  Hunger


Dungeon Overview and Level Annotations

Branches:
Dungeon (5/15)             Temple (1/1) D:4

Altars:
Ashenzari
Dithmenos
Elyvilon
Fedhas
Gozag
Kikubaaqudgha
Makhleb
Nemelex Xobeh
Okawaru
Qazlal
Ru
Sif Muna
Trog
Uskayaw
Vehumet
Wu Jian
Xom
Yredelemnul
The Shining One


Innate Abilities, Weirdness & Mutations

Your experience applies equally to all skills.
You have very sharp teeth.
Your uncanny sense of smell can sniff out nearby items.


Message History

Your spectral weapon shares its damage with you!
Attack whom?
Press: ? - help, Dir - move target cursor, f/p - Ijyb
Aim: Ijyb, wielding a +0 club, wearing a +0 ring mail and carrying a wand of polymorph (7) (severely wounded)
You reach to attack!
You hit Ijyb.
Ijyb is almost dead.
Your spectral weapon hits Ijyb.
Attack whom?
Press: ? - help, Dir - move target cursor, f/p - Ijyb
Aim: Ijyb, wielding a +0 club, wearing a +0 ring mail and carrying a wand of polymorph (7) (almost dead)
You could not reach far enough!
You hear the brisk hiss of an avalanche of sand nearby.
Ijyb closely misses your spectral weapon.
Attack whom?
Press: ? - help, Dir - move target cursor, f/p - Ijyb
Aim: Ijyb, wielding a +0 club, wearing a +0 ring mail and carrying a wand of polymorph (7) (almost dead)
You reach to attack!
You hit Ijyb but do no damage.
Ijyb is almost dead.
Your spectral weapon hits Ijyb.
You kill Ijyb!
You swap places.
Your magical contamination has completely faded away.
Things that are here:
a +0 club; a +0 ring mail; a wand of polymorph (7)
q - a +0 ring mail;
r - a wand of polymorph (7)
Your spectral weapon fades away.
You see here 18 stones.
Unknown command.
You open the gate.
Found a robe.
Your shroud begins to fray at the edges.
There is an open gate here.
You see here a robe.
Unknown command.
An iguana comes into view.
Casting: Shroud of Golubria (safe; 6% risk of failure)
Confirm with . or Enter, or press ? or * to list all spells.
You draw out your weapon's spirit!
Your shroud unravels.
Unknown command.
The iguana hisses angrily.
The iguana closely misses you.
You hit the iguana.
The iguana is lightly wounded.
Your spectral weapon hits the iguana but does no damage.
The iguana barely misses you.
You hit the iguana but do no damage. Your bite misses the iguana.
The iguana is lightly wounded.
Your spectral weapon hits the iguana from afar.
The iguana bites you!
You completely miss the iguana. You bite the iguana, but do no damage.
The iguana is moderately wounded.
Your spectral weapon closely misses the iguana.
The iguana completely misses you.
You hit the iguana but do no damage.
The iguana is moderately wounded.
Your spectral weapon closely misses the iguana.
You hit the iguana but do no damage.
The iguana is moderately wounded.
Your spectral weapon barely misses the iguana.
The iguana bites you!
You hit the iguana but do no damage.
The iguana is moderately wounded.
Your spectral weapon hits the iguana but does no damage.
The iguana bites you.
You hit the iguana but do no damage.
The iguana is moderately wounded.
Your spectral weapon barely misses the iguana.
The iguana closely misses you.
You hit the iguana.
The iguana is moderately wounded.
Your spectral weapon hits the iguana but does no damage.
The iguana closely misses you.
You barely miss the iguana.
The iguana is moderately wounded.
Your spectral weapon hits the iguana but does no damage.
The iguana bites you but does no damage.
You hit the iguana. Your bite misses the iguana.
The iguana is heavily wounded.
Your spectral weapon barely misses the iguana.
The iguana bites you.
You hit the iguana. You punch the iguana.
You bite the iguana, but do no damage.
The iguana is severely wounded.
Your spectral weapon hits the iguana but does no damage.
You hit the iguana.
The iguana is almost dead.
Your spectral weapon closely misses the iguana.
The iguana bites you!
* * * LOW HITPOINT WARNING * * *
You hit the iguana but do no damage. Your bite misses the iguana.
The iguana is almost dead.
Your spectral weapon hits the iguana from afar.
You kill the iguana!
Unknown command.
Unknown command.
You swap places.
Your spectral weapon fades away.
You hear the quick hiss of a distant avalanche of sand.
Are you sure you want to abandon this character and quit the game? (Confirm with "yes".)

....##.# #.# #.........(....
###.##.# #.# #.####..........
..##...# #.##########.##....###
...##### ...#≈≈≈#...#.# #.#.# #
#.<# ..##≈.≈# #.#†# #.#.# # ####
..##≈.§###.#.###.#.# # #
#≈§§#.......#.#.### # ### #
#§§≈#.###.....#.... # #..#.
#§@§#.# #......#### . #... ∆
#≈.§#.# #....#.# # .
#.##########.###########.# #
#.'.≈≈§≈≈≈##.##≈≈≈≈§§≈ #.# #
####.'[........8.......§≈##.####
#....'.≈≈§≈§≈##.##≈≈§≈≈≈≈#......
#.##.##########.###########.###.
##.# #..# #≈.≈# #.#.# #. #.#
#..# #≈.≈# #.#.###.


There were no monsters in sight!

Vanquished Creatures
  A phantom (D:4)
  An orc priest (D:4)
  Ijyb (D:4)
  2 iguanas (D:4)
  Natasha (D:4)
  2 adders
  2 oozes
  A worm (D:4)
  2 leopard geckos
  2 orcs (D:4)
  2 giant cockroaches
  5 goblins
  A hobgoblin (D:2)
  2 jackals (D:1)
  5 kobolds
  A quokka (D:4)
  5 frilled lizards
  A jackal skeleton (D:4)
  4 rats
41 creatures vanquished.

Vanquished Creatures (others)
  2 adders (D:2)
2 creatures vanquished.

Grand Total: 43 creatures vanquished

Notes
Turn   | Place    | Note
-------+----------+-------------------------------------------
     0 | D:1      | tidbits the Gnoll Skald began the quest for the Orb.
     0 | D:1      | Reached XP level 1. HP: 20/20 MP: 6/6
    36 | D:1      | Reached XP level 2. HP: 24/26 MP: 0/7
    40 | D:1      | Learned a level 2 spell: Song of Slaying
    43 | D:1      | Learned a level 2 spell: Shroud of Golubria
    87 | D:2      | Found a radiant altar of Vehumet.
   101 | D:2      | Reached XP level 3. HP: 23/31 MP: 5/9
   109 | D:1      | Learned a level 3 spell: Regeneration
   113 | D:1      | Learned a level 3 spell: Spectral Weapon
   198 | D:1      | Reached skill level 5 in Spellcasting
   470 | D:2      | Reached skill level 1 in Invocations
   580 | D:3      | Reached skill level 1 in Short Blades
   580 | D:3      | Reached skill level 1 in Long Blades
   580 | D:3      | Reached skill level 1 in Axes
   580 | D:3      | Reached skill level 1 in Maces & Flails
   580 | D:3      | Reached skill level 1 in Staves
   580 | D:3      | Reached skill level 1 in Slings
   580 | D:3      | Reached skill level 1 in Bows
   580 | D:3      | Reached skill level 1 in Crossbows
   580 | D:3      | Reached skill level 1 in Throwing
   580 | D:3      | Reached skill level 1 in Stealth
   580 | D:3      | Reached skill level 1 in Shields
   580 | D:3      | Reached skill level 1 in Unarmed Combat
   580 | D:3      | Reached skill level 1 in Evocations
   611 | D:4      | Noticed a phantom
   614 | D:4      | Reached XP level 4. HP: 38/38 MP: 0/11
   637 | D:4      | Killed a phantom
   637 | D:4      | Reached skill level 1 in Conjurations
   637 | D:4      | Reached skill level 1 in Hexes
   637 | D:4      | Reached skill level 1 in Summonings
   637 | D:4      | Reached skill level 1 in Necromancy
   637 | D:4      | Reached skill level 1 in Translocations
   637 | D:4      | Reached skill level 1 in Transmutations
   637 | D:4      | Reached skill level 1 in Fire Magic
   637 | D:4      | Reached skill level 1 in Ice Magic
   637 | D:4      | Reached skill level 1 in Air Magic
   637 | D:4      | Reached skill level 1 in Earth Magic
   637 | D:4      | Reached skill level 1 in Poison Magic
   637 | D:4      | Reached XP level 5. HP: 36/43 MP: 3/12
   660 | D:4      | Reached skill level 3 in Armour
   665 | D:5      | Entered Level 5 of the Dungeon
   836 | D:4      | Found a staircase to the Ecumenical Temple.
   850 | Temple   | Entered the Ecumenical Temple
  1026 | D:4      | Noticed Natasha
  1031 | D:4      | Killed Natasha
  1031 | D:4      | Reached skill level 2 in Invocations
  1031 | D:4      | Reached XP level 6. HP: 43/50 MP: 10/13
  1076 | D:4      | Noticed Ijyb
  1098 | D:4      | Killed Ijyb
  1151 | D:4      | Quit the game

Skill      XL: |  1  2  3  4  5 |
---------------+----------------+-----
Spellcasting   | 5 |  5.3
Invocations    | 1 2 |  2.0
Short Blades   | 1 |  1.8
Long Blades    | 1 |  1.8
Axes           | 1 |  1.8
Maces & Flails | 1 |  1.8
Staves         | 1 |  1.8
Slings         | 1 |  1.8
Bows           | 1 |  1.8
Crossbows      | 1 |  1.8
Throwing       | 1 |  1.8
Stealth        | 1 |  1.8
Shields        | 1 |  1.8
Unarmed Combat | 1 |  1.8
Evocations     | 1 |  1.8
Conjurations   | 1 |  1.4
Hexes          | 1 |  1.4
Summonings     | 1 |  1.4
Necromancy     | 1 |  1.4
Translocations | 1 |  1.4
Transmutations | 1 |  1.4
Fire Magic     | 1 |  1.4
Ice Magic      | 1 |  1.4
Air Magic      | 1 |  1.4
Earth Magic    | 1 |  1.4
Poison Magic   | 1 |  1.4
Armour         | 3 |  3.2
Fighting       | |  4.9
Polearms       | |  4.9
Dodging        | |  4.9
Charms         | |  5.6

Action                   |  1- 3 |  4- 6 || total
-------------------------+-------+-------++-------
Melee: Spear             |    66 |    67 ||   133
       Bite              |       |     7 ||     7
       Punch             |       |     2 ||     2
Throw: Stone             |       |     2 ||     2
 Cast: Infusion          |     1 |       ||     1
       Song of Slaying   |     3 |       ||     3
       Spectral Weapon   |     9 |     7 ||    16
       Regeneration      |       |     1 ||     1
       Shroud of Golubri |       |     1 ||     1
 Stab: Sleeping          |     1 |       ||     1
       Distracted        |       |     2 ||     2
  Eat: Ration            |     2 |       ||     2
Armor: Leather armour    |     2 |     6 ||     8
Dodge: Dodged            |    27 |    21 ||    48

Table legend:
 A = Turns spent in this place as a percentage of turns spent in the entire game.
 B = Non-inter-level travel turns spent in this place as a percentage of non-inter-level travel turns spent in the entire game.
 C = Inter-level travel turns spent in this place as a percentage of turns spent in this place.
 D = Turns resting spent in this place as a percentage of non-inter-level travel turns spent in this place.
 E = Turns spent auto-exploring this place as a percentage of non-inter-level travel turns spent in this place.
 F = Non-inter-level travel turns spent in this place divided by the number of levels of this place that you've seen.
                   A       B       C       D       E      F
               +-------+-------+-------+-------+-------+----------------------
         Total | 100.0 | 100.0 |   1.4 |   0.0 |   0.0 | 189.2
       Dungeon |  87.5 |  88.7 |   0.0 |   0.0 |   0.0 | 201.4
        Temple |  12.5 |  11.3 |  11.1 |   0.0 |   0.0 | 128.0
               +-------+-------+-------+-------+-------+----------------------

Table legend:
 A = Kills in this place as a percentage of kills in entire the game.
 B = Kills by you in this place as a percentage of kills by you in the entire game.
 C = Kills by friends in this place as a percentage of kills by friends in the entire game.
 D = Other kills in this place as a percentage of other kills in the entire game.
 E = Experience gained in this place as a percentage of experience gained in the entire game.
 F = Experience gained in this place divided by the number of levels of this place that you have seen.
                   A       B       C       D       E      F
               +-------+-------+-------+-------+-------+----------------------
         Total | 100.0 | 100.0 |   N/A | 100.0 | 100.0 |  69.0
       Dungeon | 100.0 | 100.0 |   N/A | 100.0 | 100.0 |  82.8
               +-------+-------+-------+-------+-------+----------------------

Levels and vault maps discovered:
D:1:      minmay_arrival_four_houses, layout_loops_ring
D:2:      layout_loops_ring, fiery_altar_vehumet, first_ration
D:3:      layout_basic, uniq_jessica
D:4:      layout_loops_ring, minmay_temple_entry_proselytizer, enter_ossuary_5,
          kennysheep_cross_bottleneck, grunt_ministairs_6, uniq_natasha,
          uniq_ijyb
D:5:      layout_loops_ring, ebering_ghost_sewer_d
Temple:   dpeg_five_rooms_temple
